 Dungeon Crawl Stone Soup version 0.25.1-9-gc5326a611f (webtiles) character file.

Game seed: 6778901337428091993

1626385 AlexTheUnready the Englaciator (level 27, 144/144 HPs)
             Began as a Vine Stalker Assassin on Nov 14, 2023.
             Was the Champion of Elyvilon.
             Escaped with the Orb
             ... and 3 runes on Nov 17, 2023!
             The game lasted 04:37:50 (85586 turns).

AlexTheUnready the Englaciator (VSAs)              Turns: 85586, Time: 04:37:51

Health: 144/144    AC: 32    Str: 26    XL:     27
Magic:  62/62      EV: 21    Int: 20    God:    Elyvilon [******]
Gold:   1792       SH: 20    Dex: 20    Spells: 52/76 levels left

rFire    + + .     SeeInvis +   v - +9 double sword (holy)
rCold    + + +     Gourm    .   y - +5 kite shield {reflect}
rNeg     . . .     Faith    +   x - +9 swamp dragon scales of Demons {rPois Int+3}
rPois    +         Spirit   +   e - +0 mask of the Dragon {MR+ Slay+3 SInv}
rElec    .         Reflect  +   b - +2 cloak of Xuuwn {+Fly rC+ Stlth+}
rCorr    .         Harm     .   u - +2 pair of gloves
MR       +++++                  R - +2 pair of boots {run}
Stlth    ++........             C - amulet of Waasiuf {Faith rC+ Str+7}
HPRegen  1.14/turn              r - ring "Siusia" {rF+ Dex+3 Slay+2}
MPRegen  0.38/turn              Q - ring "Tiyrem" {rF+ rC+ MP+9 Dex-5 SInv}

@: studying Armour, quick
A: fangs 3, thin metallic scales 1, agile 2, magic resistance 1, sense
surroundings 1, regeneration 2, magic shield, antimagic bite, no potion heal 3,
rot immunity
0: Orb of Zot
}: 3/15 runes: decaying, serpentine, silver
a: Lesser Healing, Heal Other, Purification, Greater Healing, Divine Vigour,
Divine Protection, Renounce Religion, Evoke Flight


You escaped.
You worshipped Elyvilon.
Elyvilon was exalted by your worship.
You were not hungry.

You visited 10 branches of the dungeon, and saw 52 of its levels.
You visited the Abyss 1 time.
You visited 1 bazaar.
You also visited: Trove, Sewer, Bailey, Ice Cave and Wizlab.

You collected 8863 gold pieces.
You spent 7071 gold pieces at shops.

Inventory:

Hand Weapons
 c - a +6 quick blade of freezing
 t - the +10 morningstar "Eos" {elec, Halo rElec}
   (You took it off a deep elf demonologist on level 3 of the Elven Halls)

   Occasionally, upon striking a foe, it will discharge some electrical energy
   and cause terrible harm.
   It insulates you from electricity.
 v - a +9 double sword of holy wrath (weapon)
 E - the +8 Wrath of Trog {antimagic, *Rage}
   (You found it on level 4 of the Depths)

   It reduces the magical energy of the wielder, and disrupts the spells and
   magical abilities of those hit.
   Natural abilities and divine invocations are not affected.
   It may make you go berserk in combat.
 O - the +8 arc blade {discharge, rElec}
   (You took it off a deep elf mage on level 3 of the Elven Halls)

   It insulates you from electricity.
Missiles
 i - 23 silver javelins (quivered)
 P - 40 javelins
Armour
 b - the +2 cloak of Xuuwn (worn) {+Fly rC+ Stlth+}
   (You found it in a treasure trove)

   It protects you from cold.
   It lets you fly.
   It makes you more stealthy.
 d - the +5 tower shield of the Wilderness {rC+}
   (You found it in a treasure trove)

   It protects you from cold.
 e - the +0 mask of the Dragon (worn) {MR+ Slay+3 SInv}
   (You bought it in a shop on level 2 of the Depths)

   It affects your accuracy and damage with ranged weapons and melee attacks
   (+3).
   It affects your resistance to hostile enchantments.
   It lets you see invisible.
 g - the +3 warlock's mirror {reflect}
   (You found it on level 3 of the Elven Halls)
 k - +4 storm dragon scales {Bai Suzhen}
 u - a +2 pair of gloves (worn)
 x - the +9 swamp dragon scales of Demons (worn) {rPois Int+3}
   (You bought it in a shop on level 14 of the Dungeon)

   It affects your intelligence (+3).
   It protects you from poison.
 y - a +5 kite shield of reflection (worn)
 J - the +2 scale mail of Sif Muna's Envy {+Blink rPois MR+}
   (You found it on level 2 of the Vaults)

   It protects you from poison.
   It affects your resistance to hostile enchantments.
   It lets you blink.
 N - the +2 cloak of Xeuhar {rN+ Regen+ Str+2}
   (You found it in a wizard's laboratory)

   It affects your strength (+2).
   It protects you from negative energy.
   It increases your rate of regeneration.
 R - a +2 pair of boots of running (worn)
 U - the +18 shield of the Gong {rElec rN+ MR+ EV-5}
   (You found it in a treasure trove)

   It affects your evasion (-5).
   It insulates you from electricity.
   It protects you from negative energy.
   It affects your resistance to hostile enchantments.
 V - +0 pearl dragon scales
 X - the +5 chain mail of Yfepeace {rElec rN+ MP+9}
   (You found it in a treasure trove)

   It insulates you from electricity.
   It protects you from negative energy.
   It affects your magic capacity (+9).
 Y - the +2 pair of boots "Juptyu" {rElec}
   (You found it in a treasure trove)

   It insulates you from electricity.
Jewellery
 r - the ring "Siusia" (left hand) {rF+ Dex+3 Slay+2}
   (You found it on level 11 of the Dungeon)

   [ring of protection from fire]

   It affects your dexterity (+3).
   It affects your accuracy and damage with ranged weapons and melee attacks
   (+2).
   It protects you from fire.
 C - the amulet of Waasiuf (around neck) {Faith rC+ Str+7}
   (You took it off a vault warden on level 5 of the Vaults)

   [amulet of faith]

   It allows you to gain divine favour quickly.
   It affects your strength (+7).
   It protects you from cold.
 F - the ring "Comix" {rC+ rN+ Str+6 Int-3 Dex+4}
   (You found it on level 4 of the Depths)

   [ring of strength]

   It affects your strength (+6).
   It affects your intelligence (-3).
   It affects your dexterity (+4).
   It protects you from cold.
   It protects you from negative energy.
 H - the ring of Fowauwipla {rPois Str+8 Dex-3 SInv}
   (You found it on level 3 of the Crypt)

   [ring of see invisible]

   It affects your strength (+8).
   It affects your dexterity (-3).
   It protects you from poison.
   It lets you see invisible.
 I - the ring of Puidd {Ice Str+9 Int+4}
   (You found it on level 1 of the Snake Pit)

   [ring of ice]

   It enhances your ice magic.
   It affects your strength (+9).
   It affects your intelligence (+4).
   It makes you vulnerable to fire.
   It protects you from cold.
 L - the ring of the Well-Known Scars {rN+ Int+3 Slay+5}
   (You found it on level 3 of the Crypt)

   [ring of positive energy]

   It affects your intelligence (+3).
   It affects your accuracy and damage with ranged weapons and melee attacks
   (+5).
   It protects you from negative energy.
 Q - the ring "Tiyrem" (right hand) {rF+ rC+ MP+9 Dex-5 SInv}
   (You found it on level 14 of the Dungeon)

   [ring of magical power]

   It affects your dexterity (-5).
   It protects you from fire.
   It protects you from cold.
   It affects your magic capacity (+9).
   It lets you see invisible.
 W - the ring "Ocist" {rElec rN+ Str+6 Int-4}
   (You found it on level 3 of the Crypt)

   [ring of positive energy]

   It affects your strength (+6).
   It affects your intelligence (-4).
   It insulates you from electricity.
   It protects you from negative energy.
Wands
 S - a wand of digging (29)
Scrolls
 a - 3 scrolls of identify
 h - 28 scrolls of remove curse
 m - 16 scrolls of teleportation
 n - 9 scrolls of fear
 w - a scroll of magic mapping
 A - 5 scrolls of holy word
 K - 8 scrolls of blinking
 M - 4 scrolls of fog
 Z - 3 scrolls of summoning
Potions
 j - 24 potions of curing
 l - 6 potions of magic
 p - 13 potions of might
 q - 9 potions of haste
 s - 5 potions of invisibility
 z - 9 potions of mutation
 B - 8 potions of lignification
 D - a potion of brilliance
 G - 2 potions of resistance
 T - a potion of flight
Books
 o - a manual of Armour
Comestibles
 f - 59 rations


   Skills:
 - Level 15.0 Fighting
 - Level 10.0(13.6) Short Blades
 - Level 15.0(16.0) Long Blades
 + Level 14.2 Throwing
 + Level 12.4 Armour
 - Level 12.0 Dodging
 - Level 9.0 Stealth
 - Level 15.0 Shields
 + Level 25.0 Spellcasting
 - Level 3.0 Hexes
 - Level 3.0 Charms
 O Level 27 Ice Magic
 + Level 12.1 Invocations


You had 52 spell levels left.
You knew the following spells:

 Your Spells              Type           Power        Failure   Level  Hunger
a - Frozen Ramparts       Ice            ######       0%          3    None
b - Ozocubu's Refrigerat  Ice            #######...   0%          6    ##.....
c - Ozocubu's Armour      Chrm/Ice       ######..     0%          3    None
d - Spectral Weapon       Hex/Chrm       #####...     1%          3    None
e - Absolute Zero         Ice            #######...   3%          9    #######

Your spell library contained the following spells:

 Spells                   Type           Power        Failure   Level  Hunger
 Freeze                   Ice            ####         0%          1    None
 Ensorcelled Hibernation  Hex/Ice        ######       0%          2    None
 Animate Skeleton         Necr           N/A          1%          1    None
 Apportation              Tloc           ####..       1%          1    None
 Beastly Appendage        Tmut           ####..       1%          1    None
 Corona                   Hex            #####..      1%          1    None
 Foxfire                  Conj/Fire      ####         1%          1    None
 Infusion                 Chrm           ####         1%          1    None
 Magic Dart               Conj           ####         1%          1    None
 Pain                     Necr           ####         1%          1    None
 Sting                    Tmut/Pois      ####         1%          1    None
 Summon Butterflies       Summ           ####....     1%          1    None
 Summon Small Mammal      Summ           ####         1%          1    None
 Shroud of Golubria       Chrm/Tloc      ####..       1%          2    None
 Slow                     Hex            #####...     1%          2    None
 Song of Slaying          Chrm           #####...     1%          2    None
 Confusing Touch          Hex            #####...     1%          3    None
 Tukima's Dance           Hex            #####...     1%          3    None
 Hailstorm                Conj/Ice       ######..     1%          4    None
 Ice Form                 Ice/Tmut       ######..     1%          4    None
 Summon Ice Beast         Ice/Summ       ######..     1%          4    None
 Metabolic Englaciation   Hex/Ice        ######....   1%          5    None
 Simulacrum               Ice/Necr       ######....   1%          6    ##.....
 Blink                    Tloc           N/A          3%          2    None
 Call Imp                 Summ           ####....     3%          2    None
 Corpse Rot               Necr/Air       N/A          3%          2    None
 Poisonous Vapours        Pois/Air       ####..       3%          2    None
 Searing Ray              Conj           ####..       3%          2    None
 Sticks to Snakes         Tmut           ####....     3%          2    None
 Sublimation of Blood     Necr           ####......   3%          2    None
 Dazzling Flash           Conj/Hex       ####..       3%          3    None
 Inner Flame              Hex/Fire       ####....     3%          3    None
 Portal Projectile        Hex/Tloc       ####..       3%          3    None
 Call Canine Familiar     Summ           ####....     6%          3    None
 Conjure Flame            Conj/Fire      ####....     6%          3    None
 Gell's Gravitas          Tloc           ####......   6%          3    None
 Ignite Poison            Fire/Tmut/Pois ####....     6%          3    None
 Lesser Beckoning         Tloc           ####......   6%          3    None
 Mephitic Cloud           Conj/Pois/Air  ####....     6%          3    None
 Recall                   Summ/Tloc      N/A          6%          3    None
 Spider Form              Tmut/Pois      ####......   6%          3    None
 Stone Arrow              Conj/Erth      ####..       6%          3    None
 Teleport Other           Tloc           ####....     6%          3    None
 Vampiric Draining        Necr           ####......   6%          3    None
 Cause Fear               Hex            #####.....   6%          4    None
 Freezing Cloud           Conj/Ice/Air   ######....   8%          6    ##.....
 Fulminant Prism          Conj/Hex       ####......   11%         4    None
 Leda's Liquefaction      Hex/Erth       ####......   11%         4    None
 Animate Dead             Necr           N/A          21%         4    None
 Dispel Undead            Necr           ####....     21%         4    None
 Iskenderun's Mystic Bla  Conj/Tloc      ####....     21%         4    None
 Olgreb's Toxic Radiance  Pois           ####....     21%         4    None
 Petrify                  Tmut/Erth      ####....     21%         4    None
 Sticky Flame             Conj/Fire      ####....     21%         4    None
 Summon Lightning Spire   Summ/Air       ####....     21%         4    None
 Excruciating Wounds      Chrm/Necr      ####......   30%         5    None
 Iskenderun's Battlesphe  Conj/Chrm      ####....     30%         5    None
 Silence                  Hex/Air        ####......   30%         5    None
 Summon Mana Viper        Hex/Summ       ####....     30%         5    None
 Yara's Violent Unravell  Hex/Tmut       ####......   30%         5    None
 Agony                    Necr           ####....     50%         5    None
 Aura of Abjuration       Summ           ####......   50%         5    None
 Blade Hands              Tmut           ####......   50%         5    None
 Bolt of Magma            Conj/Fire/Erth ####......   50%         5    None
 Borgnjor's Vile Clutch   Necr/Erth      ####......   50%         5    None
 Fireball                 Conj/Fire      ####......   50%         5    None
 Irradiate                Conj/Tmut      ####......   50%         5    None
 Summon Demon             Summ           ####......   50%         5    None
 Summon Forest            Summ/Tloc      ####......   50%         5    None
 Darkness                 Hex            #####.....   65%         6    ##.....
 Conjure Ball Lightning   Conj/Air       ####......   97%         6    ##.....
 Death Channel            Necr           ####......   97%         6    ##.....
 Dispersal                Tloc           ####......   97%         6    ##.....
 Eringya's Noxious Bog    Tmut/Pois      ####......   97%         6    ##.....
 Hydra Form               Tmut           ####......   97%         6    ##.....
 Iron Shot                Conj/Erth      ####......   97%         6    ##.....
 Shadow Creatures         Summ           N/A          97%         6    ##.....
 Starburst                Conj/Fire      ####......   97%         6    ##.....
 Statue Form              Tmut/Erth      ####.....    97%         6    ##.....
 Dragon Form              Tmut           ####......   100%        7    ####...
 Malign Gateway           Summ/Tloc      ####......   100%        7    ####...
 Orb of Destruction       Conj           ####......   100%        7    ####...
 Ring of Flames           Chrm/Fire      ####......   100%        7    ####...
 Spellforged Servitor     Conj/Summ      ####......   100%        7    ####...
 Summon Hydra             Summ           ####......   100%        7    ####...
 Chain Lightning          Conj/Air       ####......   100%        8    ######.
 Controlled Blink         Tloc           N/A          100%        8    ######.
 Disjunction              Tloc           ####......   100%        8    ######.
 Ignition                 Fire           ####......   100%        8    ######.
 Infestation              Necr           ####......   100%        8    ######.
 Lehudib's Crystal Spear  Conj/Erth      ####......   100%        8    ######.
 Fire Storm               Conj/Fire      ####......   100%        9    #######
 Tornado                  Air            ####......   100%        9    #######
 Passage of Golubria      Tloc           Unusable     N/A         4    N/A

Dungeon Overview and Level Annotations

Branches:
Dungeon (15/15)            Temple (0/1) D:5            Lair (6/6) D:10
  Swamp (4/4) Lair:2        Snake (4/4) Lair:2        Slime (0/5) Lair:5
    Orc (2/2) D:12            Elf (3/3) Orc:2        Vaults (5/5) D:13
  Crypt (3/3) Vaults:3       Tomb (0/3) Crypt:3      Depths (5/5) D:15
    Zot (5/5) Depths:5      Sewer (visited)          Bailey (visited)
  IceCv (visited)          WizLab (visited)

Altars:
Ashenzari
Dithmenos
Elyvilon
Hepliaklqana
Kikubaaqudgha
Nemelex Xobeh
Okawaru
Ru
Sif Muna
Vehumet
Xom
Zin
The Shining One
Beogh
Jiyva

Shops:
D:5 !   D:6 !   D:7 (%?   D:9 :   D:12 [%(*?   D:14 [:[   Orc:2 }:*?
Snake:3 !   Snake:4 *   Vaults:1 =   Vaults:3 ?   Depths:2 [[

Portals:
Hell: Depths:1 Depths:2 Depths:3 Depths:4 Depths:5
Abyss: Depths:1 Depths:2 Depths:4 Depths:5
Pandemonium: Depths:1 Depths:3
Ziggurat: Depths:4

Annotations:
Lair:4 exclusion: downstairs
Snake:4 3 runed translucent doors, Ciageutz's ghost, journeyman GnWz; Cubyotass's ghost, adept MiHu; Romunoh's ghost, adept SpAs
Vaults:2 3 runed translucent doors, Zapaca's ghost, veteran DECj


Innate Abilities, Weirdness & Mutations

You have razor-sharp teeth.
You heal very quickly.
When hurt, damage is shared between your health and your magic reserves.
Your bite disrupts and absorbs the magic of your enemies.
Potions cannot restore your health.
You are immune to rotting.
You are partially covered in thin metallic scales. (AC +2)
You are very agile. (Dex +4)
You are resistant to hostile enchantments. (MR+)
You passively map a small area around you.


Message History

The iron imp is frozen into a solid block of ice!
The iron imp dies!
The great icy blast engulfs you! You partially resist.
You are encased in ice.
Liqawyt hits the iron imp shaped block of ice!!
The ice encasing you melts away.
Liqawyt is engulfed in freezing vapours.
Liqawyt hits the iron imp shaped block of ice.
Liqawyt is engulfed in freezing vapours.
Liqawyt blinks!
There is an open door here.
There is a staircase leading out of the dungeon here.
Really quaff the potion of mutation?
You feel extremely strange.
Your body's shape seems more normal.
Your talons dull and shrink into feet.
Your fingernails shrink to normal size.
Your large bone plates disappear.
You feel agile. x2
Unknown command.
Okay, then.
You have escaped!

#######
#...'@#
#.#.#.#
#.#.#.#
#.#.#.#
#.#.#.#
#.#.#.#
#.#.#.#
#.#.#.#
#.#.#.#


There were no monsters in sight!

Vanquished Creatures
  A seraph (Depths:5)
  14 ancient liches
  Mennas (Crypt:3)
  4 orbs of fire
  Frederick (Vaults:5)
  Vashnia (Snake:3)
  Bai Suzhen (Vaults:4)
  5 Killer Klowns
  Saint Roka (Vaults:5)
  4 caustic shrikes (Depths:2)
  4 golden dragons
  3 pandemonium lords
  2 curse toes
  Nikola (Snake:1)
  An electric golem (Zot:5)
  A Brimstone Fiend (Zot:2)
  A Hell Sentinel (D:4)
  7 liches
  Rupert (Lair:5)
  15 tentacled monstrosities
  27 Orb Guardians
  4 titans
  2 deep elf blademasters (Elf:3)
  An Executioner (Zot:1)
  6 quicksilver dragons
  2 deep elf master archers (Elf:3)
  An eldritch tentacle (WizLab)
  A tentacled starspawn (WizLab)
  2 ancient champions
  6 sphinxes
  6 death cobs
  12 storm dragons
  Donald (Snake:3)
  15 shadow dragons
  2 thorn hunters (Swamp:4)
  6 tengu reavers
  A revenant (Crypt:2)
  3 draconian monks
  Roxanne (D:15)
  14 nagarajas
  14 frost giants
  5 deep elf sorcerers
  8 fire giants
  12 vault wardens
  5 draconian knights
  4 curse skulls
  2 orc warlords
  Aizul (Snake:2)
  A draconian shifter (WizLab)
  Louise (Snake:2)
  10 draconian scorchers
  A balrug (D:15)
  7 draconian stormcallers
  An angel (Depths:5)
  3 ghost moths
  5 reapers (Crypt:3)
  17 ironheart preservers
  10 ghouls
  7 deep elf elementalists
  4 draconian annihilators
  37 very ugly things
  2 war gargoyles
  26 stone giants
  An entropy weaver (Vaults:5)
  Nessos (D:15)
  2 spriggan defenders (Depths:5)
  5 green draconians
  6 deep elf demonologists
  Azrael (Snake:2)
  6 vampire knights
  A lorocyproca (Depths:3)
  11 purple draconians
  4 black draconians
  6 deep elf annihilators
  10 red draconians
  11 yellow draconians
  9 white draconians
  2 spark wasps (Depths:2)
  A blizzard demon (Depths:4)
  A dire elephant (Lair:3)
  22 ettins
  A merfolk javelineer (Depths:3)
  10 deep elf death magi
  A green death (Depths:1)
  A mummy priest (Crypt:3)
  An ettin (shapeshifter) (Depths:3)
  5 eidola
  7 jiangshi
  A quicksilver dragon zombie (Crypt:1)
  20 ogre magi
  9 fire dragons
  A fire dragon (shapeshifter) (Vaults:4)
  19 yaktaur captains
  8 great orbs of eyes
  30 vault guards
  2 deep elf high priests (Elf:3)
  23 hydras
  A quicksilver dragon skeleton (Crypt:3)
  3 rakshasas
  11 ice dragons
  18 naga warriors
  7 spriggan air magi
  A ghost crab (Swamp:3)
  11 anacondas
  5 shambling mangroves
  16 alligators
  55 two-headed ogres
  10 centaur warriors
  7 tengu warriors
  5 death knights
  11 deep troll earth magi
  3 deep troll shamans
  A spectral fire giant (Crypt:1)
  Urug (Orc:2)
  11 spriggan berserkers
  6 death yaks
  24 dancing weapons
  8 vampire magi
  4 shock serpents
  2 orc high priests
  A thrashing horror (WizLab)
  2 hell knights (WizLab)
  2 titan zombies
  Nergalle (Lair:1)
  A sun demon (Depths:3)
  18 naga sharpshooters
  6 soul eaters
  26 deep elf knights
  A sixfirhy (WizLab)
  2 storm dragon zombies
  A fire crab (shapeshifter) (Vaults:2)
  7 salamander mystics
  A titan skeleton (Crypt:3)
  19 skeletal warriors
  A storm dragon skeleton (Vaults:5)
  2 shadow wraiths
  An iron troll (Depths:5)
  An infernal demonspawn (Depths:3)
  28 deep trolls
  12 naga ritualists
  11 swamp dragons
  2 anaconda zombies
  4 glowing orange brains
  A shadow demon (D:2)
  2 spriggan druids (Swamp:4)
  A torturous demonspawn (Depths:3)
  An unseen horror (WizLab)
  11 deep elf archers
  15 wizards
  8 flayed ghosts
  An anaconda skeleton (WizLab)
  17 necromancers
  A wolf spider zombie (Crypt:2)
  19 ironbrand convokers
  An obsidian statue (WizLab)
  2 sphinx zombies
  17 phantasmal warriors
  15 orc knights
  A harpy (shapeshifter) (Elf:1)
  7 harpies
  A golden dragon skeleton (Crypt:3)
  10 mana vipers
  10 wolf spiders
  6 orc sorcerers
  72 deep elf magi
  49 ugly things
  8 cyclopes
  A frost giant zombie (Vaults:5)
  4 stone giant zombies
  2 iron dragon skeletons (Crypt:1)
  7 salamanders
  A cyclops (shapeshifter) (D:15)
  A fire giant zombie (Crypt:2)
  A shadow dragon skeleton (Depths:3)
  A tengu skeleton (Depths:3)
  17 moths of wrath
  A salamander (shapeshifter) (Depths:1)
  14 elephants (Lair:3)
  A manticore (D:15)
  A stone giant skeleton (Vaults:5)
  2 shock serpent zombies (Crypt:3)
  A fire giant skeleton (Depths:3)
  4 frost giant skeletons
  A black mamba (shapeshifter) (Elf:1)
  6 guardian serpents
  12 vault sentinels
  A dire elephant zombie (Crypt:3)
  21 black mambas
  4 ice statues
  A smoke demon (D:9)
  21 naga magi
  An eye of devastation (shapeshifter) (Depths:2)
  A shock serpent skeleton (Crypt:3)
  Maggie (D:7)
  6 centaur skeletons
  2 rust devils
  A demonspawn skeleton (WizLab)
  2 gargoyles
  18 spiny frogs
  A dire elephant skeleton (Crypt:1)
  2 efreet (D:15)
  A kobold demonologist (D:11)
  An orange demon (D:15)
  6 komodo dragons
  19 freezing wraiths
  51 yaktaurs
  A death yak skeleton (Crypt:2)
  A demonic crawler (WizLab)
  2 guardian mummies (Crypt:3)
  3 tengu conjurers (Depths:2)
  14 ice devils
  A hydra zombie (Crypt:3)
  18 hellwings
  8 trolls
  A catoblepas skeleton (Crypt:3)
  A harpy skeleton (Crypt:1)
  27 hornets
  A shadow dragon simulacrum (Vaults:5)
  A wind drake (shapeshifter) (Depths:3)
  A meliai (shapeshifter) (Depths:3)
  3 jumping spiders
  6 polar bears
  A wolf spider simulacrum (Crypt:1)
  8 tyrant leeches
  19 blink frogs
  7 bog bodies
  2 ettin zombies
  Prince Ribbit (D:7)
  A hydra skeleton (Crypt:3)
  A fire dragon zombie (Crypt:1)
  A dream sheep (shapeshifter) (Vaults:5)
  15 dream sheep (Lair:6)
  49 slime creatures
  A hippogriff (shapeshifter) (Depths:1)
  An alligator zombie (Crypt:3)
  4 frost giant simulacra
  7 hippogriffs
  5 air elementals
  9 flying skulls
  8 redbacks
  An alligator skeleton (Crypt:1)
  A fire dragon skeleton (Crypt:3)
  2 ice dragon skeletons
  27 spriggans
  3 wyverns
  5 shadows
  2 ettin skeletons
  A vampire (D:12)
  3 fire elementals
  A ynoxinul (Abyss:2)
  13 water elementals
  51 yaks
  15 wraiths
  24 vampire mosquitoes
  2 basilisks
  A hungry ghost (D:14)
  A neqoxec (Depths:3)
  17 swamp worms
  A warg (shapeshifter) (Vaults:5)
  6 spatial vortices (WizLab)
  9 wargs
  60 nagas
  4 acid dragons
  8 hell hounds
  17 insubstantial wisps
  A soldier ant (D:13)
  A spiny frog zombie (Crypt:2)
  2 torturous demonspawn skeletons
  12 water moccasins
  A floating eye (shapeshifter) (Depths:2)
  6 porcupines
  17 swamp drakes
  2 ice beasts (shapeshifter)
  4 ice beasts
  3 sky beasts
  A human skeleton (WizLab)
  2 snapping turtle zombies
  7 black bears
  56 orc warriors
  A manticore zombie (Crypt:3)
  36 ogres
  27 wolves
  2 snapping turtle skeletons (Crypt:3)
  An eye of draining (shapeshifter) (D:11)
  4 necrophages
  14 boggarts
  4 phantoms
  32 centaurs
  8 crocodiles
  A big kobold (shapeshifter) (Vaults:5)
  4 small abominations
  3 big kobolds (D:11)
  A komodo dragon zombie (Crypt:1)
  15 bullfrogs
  3 earth elementals
  A water moccasin zombie (D:10)
  2 scorpions
  10 wyvern skeletons (Crypt:3)
  3 wights (Crypt:1)
  An orc simulacrum (Vaults:1)
  A polar bear zombie (Crypt:1)
  8 killer bees
  4 howler monkeys
  11 crimson imps
  A bullfrog zombie (D:5)
  6 centaur zombies
  4 quasits
  4 hounds (D:6)
  3 iron imps (Depths:3)
  27 orc priests
  A soldier ant zombie (Crypt:2)
  Crazy Yiuf (D:7)
  3 bullfrog skeletons
  2 jellies
  A human zombie (Crypt:2)
  A gnoll shaman (D:7)
  46 orc wizards
  7 hell rats (Lair:4)
  4 iguanas
  10 worker ants
  A killer bee zombie (D:10)
  A dwarf zombie (Crypt:2)
  A naga skeleton (Crypt:3)
  A hound zombie (D:11)
  A mummy (Crypt:3)
  2 hound skeletons
  3 worker ant zombies
  A howler monkey skeleton (D:7)
  7 adders
  3 gnolls (D:7)
  5 river rats
  A swamp drake skeleton (Crypt:1)
  5 shadow imps
  9 white imps
  8 ufetubi
  An ooze (D:1)
  3 adder skeletons
  3 worms
  4 dart slugs
  7 leopard geckos
  119 orcs
  6 ball pythons
  A bat (shapeshifter) (Vaults:5)
  10 bats
  2 giant cockroaches
  13 goblins
  6 hobgoblins
  20 jackals
  12 kobolds
  5 quokkas
  15 frilled lizards
  A kobold (shapeshifter) (Vaults:5)
  12 rats
  2 blocks of ice
  6 crawling corpses
  2 fungi
  4 plants
  3 withered plants (Crypt:3)
2733 creatures vanquished.

Vanquished Creatures (others)
  A green draconian (Depths:5)
  An ice dragon (Depths:4)
  Fannar (Lair:1)
  A death yak (Lair:4)
  A spriggan druid (Swamp:4)
  A hornet (Swamp:4)
  A spriggan (Swamp:4)
  A boggart (Lair:6)
  A killer bee (D:7)
  An iron imp (D:1)
  2 white imps (IceCv)
  4 ufetubi (IceCv)
  A quokka (D:3)
  28 blocks of ice
  A bush (Lair:6)
  56 fungi
  A lurking horror (WizLab)
  17 plants
  28 spectral weapons
  2 starspawn tentacles (WizLab)
  4 toadstools (D:1)
  A withered plant (Crypt:3)
155 creatures vanquished.

Grand Total: 2888 creatures vanquished

Notes
Turn   | Place    | Note
-------+----------+-------------------------------------------
     0 | D:1      | AlexTheUnready the Vine Stalker Assassin began the quest
                  | for the Orb.
     0 | D:1      | Reached XP level 1. HP: 11/11 MP: 2/2
   221 | D:1      | Reached skill level 5 in Stealth
   458 | D:1      | Reached XP level 2. HP: 15/15 MP: 3/3
   834 | D:1      | Reached XP level 3. HP: 16/18 MP: 4/4
  1035 | D:1      | Reached skill level 1 in Dodging
  1581 | D:2      | Noticed a phantom
  2094 | D:2      | You fall into a shaft and drop 2 floors!
  2110 | D:3      | Gained mutation: Your natural rate of healing is unusually
                  | fast. [Vine Stalker growth]
  2110 | D:3      | Reached XP level 4. HP: 22/23 MP: 5/5
  2119 | D:3      | Found an ancient bone altar of Kikubaaqudgha.
  2771 | D:3      | Found a white marble altar of Elyvilon.
  2858 | D:3      | Became a worshipper of Elyvilon the Healer
  3221 | D:2      | Killed a phantom
  3221 | D:2      | Reached skill level 1 in Invocations
  3221 | D:2      | Reached XP level 5. HP: 26/26 MP: 4/6
  3423 | D:2      | Found an iron altar of Okawaru.
  3723 | D:4      | Reached * piety under Elyvilon
  3854 | D:4      | Found a shimmering altar of Xom.
  3859 | D:4      | Reached XP level 6. HP: 30/30 MP: 7/7
  4152 | D:4      | Reached XP level 7. HP: 35/35 MP: 9/9
  4516 | D:4      | Reached ** piety under Elyvilon
  4775 | D:4      | Found a glowing golden altar of the Shining One.
  5278 | D:5      | Entered Level 5 of the Dungeon
  5515 | D:5      | Found Foar's Distillery.
  5523 | D:5      | Bought a potion of lignification for 36 gold pieces
  5523 | D:5      | Bought a potion of might for 48 gold pieces
  5523 | D:5      | Bought a potion of stabbing for 48 gold pieces
  5523 | D:5      | Bought a potion of ambrosia for 96 gold pieces
  5523 | D:5      | Bought a potion of flight for 36 gold pieces
  5523 | D:5      | Bought a potion of brilliance for 48 gold pieces
  5612 | D:5      | Found a shattered altar of Ashenzari.
  5612 | D:5      | Found a sparkling altar of Nemelex Xobeh.
  5768 | D:5      | Found a staircase to the Ecumenical Temple.
  5817 | D:5      | Reached *** piety under Elyvilon
  5945 | D:5      | Found a radiant altar of Vehumet.
  5990 | D:5      | Gained mutation: You have razor-sharp teeth. [Vine Stalker
                  | growth]
  5990 | D:5      | Reached XP level 8. HP: 40/40 MP: 11/11
  6151 | D:5      | Reached skill level 1 in Armour
  6681 | D:6      | Reached skill level 5 in Short Blades
  6833 | D:6      | Found Daestap's Distillery.
  6842 | D:6      | Bought a potion of degeneration for 11 gold pieces
  6977 | D:6      | Reached XP level 9. HP: 45/45 MP: 13/13
  7002 | D:6      | Found a glowing drain.
  7006 | Sewer    | Entered a sewer
  7013 | Sewer    | Reached **** piety under Elyvilon
  7482 | D:7      | Found Noxais's Antique Weapon Shop.
  7567 | D:7      | Found Cisoch's Food Emporium.
  7570 | D:7      | Found Kiessiwy's Magic Scroll Emporium.
  7578 | D:7      | Bought a scroll of identify for 24 gold pieces
  7578 | D:7      | Bought a scroll of identify for 24 gold pieces
  7578 | D:7      | Bought a scroll of blinking for 90 gold pieces
  7578 | D:7      | Bought a scroll of fog for 24 gold pieces
  7617 | D:7      | Noticed Prince Ribbit
  7627 | D:7      | Killed Prince Ribbit
  7646 | D:7      | Found a shadowy altar of Dithmenos.
  7670 | D:7      | Found a hazy altar of Hepliaklqana.
  7671 | D:7      | Found a shimmering altar of Xom.
  7672 | D:7      | Noticed a spectral ugly thing
  7772 | D:7      | Noticed Maggie
  7784 | D:7      | Reached skill level 5 in Invocations
  7817 | D:7      | Killed Maggie
  7904 | D:7      | Found a glowing silver altar of Zin.
  7985 | D:7      | Found a runed translucent door.
  7986 | D:7      | Noticed Crazy Yiuf
  8211 | D:7      | Found a shimmering blue altar of Sif Muna.
  8346 | D:7      | Killed Crazy Yiuf
  8346 | D:7      | Reached skill level 1 in Shields
  8851 | D:8      | Reached ***** piety under Elyvilon
  8862 | D:8      | Reached XP level 10. HP: 50/50 MP: 15/15
  9463 | D:9      | Found a sacrificial altar of Ru.
  9575 | D:9      | Noticed a five-headed hydra
  9607 | D:9      | Killed a five-headed hydra
  9646 | D:9      | Reached skill level 5 in Dodging
  9691 | D:9      | Found Ohuigraf's Book Boutique.
 10123 | D:10     | Entered Level 10 of the Dungeon
 10173 | D:10     | Found a staircase to the Lair.
 10451 | D:10     | Reached skill level 5 in Fighting
 10467 | D:10     | Reached XP level 11. HP: 38/55 MP: 17/17
 11789 | Lair:1   | Entered Level 1 of the Lair of Beasts
 11803 | Lair:1   | Noticed Fannar
 11806 | Lair:1   | Noticed a seven-headed hydra
 11841 | Lair:1   | Pacified a seven-headed hydra
 11843 | Lair:1   | Killed Fannar
 12199 | Lair:1   | Noticed Nergalle
 12247 | Lair:1   | Killed Nergalle
 12303 | Lair:1   | Noticed a four-headed hydra
 12304 | Lair:1   | Pacified a four-headed hydra
 13259 | Lair:2   | Gained mutation: You heal very quickly. [Vine Stalker
                  | growth]
 13259 | Lair:2   | Reached XP level 12. HP: 60/60 MP: 19/19
 13298 | Lair:2   | Noticed a death yak
 13298 | Lair:2   | Noticed a death yak
 13321 | Lair:2   | Found a staircase to the Swamp.
 13332 | Lair:2   | Found a staircase to the Snake Pit.
 13337 | Lair:2   | Noticed a five-headed hydra
 13363 | Lair:2   | Pacified a five-headed hydra
 13478 | Lair:2   | Noticed a death yak
 13491 | Lair:2   | Noticed a death yak
 13544 | Lair:1   | Killed a death yak
 13544 | Lair:1   | Reached skill level 5 in Throwing
 13841 | Lair:2   | Killed a death yak
 13865 | Lair:2   | Killed a death yak
 13913 | Lair:2   | Killed a death yak
 13913 | Lair:2   | Reached skill level 5 in Armour
 14928 | Lair:3   | Reached skill level 10 in Short Blades
 15014 | Lair:3   | Reached XP level 13. HP: 53/66 MP: 15/20
 15351 | Lair:3   | Noticed a dire elephant
 15625 | Lair:3   | Killed a dire elephant
 17654 | Lair:5   | Reached skill level 10 in Invocations
 18117 | Lair:5   | Found a frozen archway.
 18122 | Lair:5   | Noticed Rupert
 18125 | IceCv    | Entered an ice cave
 18855 | IceCv    | Noticed a reaper
 18916 | IceCv    | HP: 2/68 [something (4)]
 19487 | D:11     | Reached XP level 14. HP: 73/73 MP: 22/22
 19894 | D:11     | Noticed a deep elf annihilator
 19924 | D:11     | Killed a deep elf annihilator
 20388 | D:11     | Noticed a frost giant
 20643 | D:12     | Found Foteharez's Food Boutique.
 20699 | D:12     | Found Ajufe's Magic Scroll Boutique.
 20706 | D:12     | Reached ****** piety under Elyvilon
 20856 | D:11     | Reached skill level 10 in Dodging
 20874 | D:12     | Found a flagged portal.
 20898 | Bailey   | Entered a bailey
 21762 | Bailey   | Reached skill level 10 in Fighting
 21762 | Bailey   | Reached XP level 15. HP: 80/80 MP: 24/24
 22944 | D:12     | Found Soireat's Assorted Antiques.
 23025 | D:12     | Bought a scroll labeled CUTHRIV BABAY for 32 gold pieces
 23135 | D:12     | Found Gitsigang's Antique Weapon Emporium.
 23188 | D:12     | Found Miyzyid's Antique Armour Shop.
 23246 | D:12     | Found a staircase to the Orcish Mines.
 23476 | Orc:1    | Entered Level 1 of the Orcish Mines
 23617 | Orc:2    | Entered Level 2 of the Orcish Mines
 23625 | Orc:2    | Found a staircase to the Elven Halls.
 23677 | Orc:2    | Noticed Urug
 23720 | Orc:2    | Killed Urug
 23791 | Orc:2    | HP: 4/81 [orc sorcerer/bolt of fire (19)]
 23793 | Orc:2    | Reached skill level 1 in Long Blades
 24369 | Orc:2    | Found Baraheph's Assorted Antiques.
 24370 | Orc:2    | Found Rece's Gadget Emporium.
 24373 | Orc:2    | Found Korchariw's Magic Scroll Shoppe.
 24373 | Orc:2    | Found Hudo's Book Emporium.
 24418 | Orc:2    | Bought a scroll of silence for 90 gold pieces
 24418 | Orc:2    | Bought a scroll of identify for 24 gold pieces
 24418 | Orc:2    | Bought a scroll of identify for 24 gold pieces
 24418 | Orc:2    | Bought a scroll of magic mapping for 42 gold pieces
 25135 | Orc:1    | Noticed an orc warlord
 25281 | Orc:2    | Killed an orc warlord
 25281 | Orc:2    | Reached XP level 16. HP: 55/87 MP: 16/25
 25608 | Orc:2    | Bought a scroll of blinking for 90 gold pieces
 25609 | Orc:2    | Bought a scratched golden ring for 125 gold pieces
 25747 | D:12     | Bought a pair of glowing gloves for 202 gold pieces
 25780 | D:12     | Bought a notched opal ring for 160 gold pieces
 26050 | Lair:5   | Found a staircase to the Slime Pits.
 26050 | Lair:5   | Found a viscous altar of Jiyva.
 26123 | Lair:5   | Reached skill level 5 in Long Blades
 26521 | Lair:5   | Killed Rupert
 26628 | Lair:6   | Entered Level 6 of the Lair of Beasts
 27548 | Lair:6   | Identified a scroll of acquirement
 27549 | Lair:6   | Acquired a manual of Long Blades
 28230 | D:11     | Got a slimy marble ring
 28232 | D:11     | Identified the ring "Siusia" {rF+ Dex+3 Slay+2} (You found
                  | it on level 11 of the Dungeon)
 28909 | D:13     | Found a gate to the Vaults.
 28917 | D:13     | Reached skill level 10 in Long Blades
 29249 | D:14     | Found Dusiwnay's Antique Armour Shoppe.
 29299 | D:14     | Got a coiled tin ring
 29862 | D:14     | Found Xasoesesh's Book Boutique.
 29874 | D:14     | Found Qousuts's Armour Shop.
 30180 | D:14     | Identified the ring "Tiyrem" {rF+ rC+ MP+9 Dex-5 SInv} (You
                  | found it on level 14 of the Dungeon)
 30298 | Swamp:1  | Entered Level 1 of the Swamp
 31261 | Swamp:2  | Reached XP level 17. HP: 78/93 MP: 26/26
 32724 | Swamp:3  | Paralysed by a hornet for 3 turns
 33531 | D:14     | Bought a book of Ice for 910 gold pieces
 33535 | D:14     | Learned a level 3 spell: Frozen Ramparts
 33542 | D:14     | Learned a level 6 spell: Ozocubu's Refrigeration
 33680 | Snake:1  | Entered Level 1 of the Snake Pit
 33857 | Snake:1  | Reached skill level 1 in Ice Magic
 33960 | Snake:1  | Got a heavily runed ivory ring
 33961 | Snake:1  | Identified the ring of Puidd {Ice Str+9 Int+4} (You found
                  | it on level 1 of the Snake Pit)
 34364 | Snake:1  | Reached skill level 2 in Ice Magic
 35025 | Snake:1  | Noticed Nikola
 35042 | Snake:1  | Killed Nikola
 35279 | Snake:1  | Reached skill level 3 in Ice Magic
 35540 | Snake:2  | Found a transporter.
 35561 | Snake:2  | Found a radiant altar of Vehumet.
 35643 | Snake:2  | Found an ancient bone altar of Kikubaaqudgha.
 35809 | Snake:2  | Noticed Azrael
 35822 | Snake:2  | Killed Azrael
 35985 | Snake:2  | Noticed Louise
 36003 | Snake:2  | Killed Louise
 36003 | Snake:2  | Reached XP level 18. HP: 100/102 MP: 27/27
 36242 | Snake:2  | Noticed Aizul
 36255 | Snake:2  | Killed Aizul
 36626 | Snake:2  | Found a transporter.
 36742 | Snake:2  | Reached skill level 4 in Ice Magic
 36934 | Snake:2  | Reached skill level 15 in Fighting
 36999 | Snake:2  | Reached skill level 10 in Throwing
 36999 | Snake:2  | Reached skill level 5 in Ice Magic
 37095 | Snake:3  | Noticed Vashnia
 37103 | Snake:3  | HP: 1/104 [naga sharpshooter/bolt[Vashnia] (22)]
 37383 | Snake:3  | Noticed Donald
 37385 | Snake:3  | Reached skill level 6 in Ice Magic
 37402 | Snake:3  | Killed Donald
 37911 | Snake:3  | Killed Vashnia
 37911 | Snake:3  | Reached skill level 7 in Ice Magic
 38188 | Snake:3  | Found Diwnel's Distillery.
 38325 | Snake:4  | Entered Level 4 of the Snake Pit
 39084 | Snake:4  | Reached skill level 8 in Ice Magic
 39135 | Snake:4  | Reached XP level 19. HP: 73/108 MP: 21/28
 39402 | Snake:4  | Reached skill level 5 in Shields
 39683 | Snake:4  | Found Nozisos's Assorted Antiques.
 39710 | Snake:4  | Found a runed translucent gate.
 39710 | Snake:4  | Found a runed translucent gate.
 39710 | Snake:4  | Found a runed translucent gate.
 39710 | Snake:4  | Noticed Ciageutz's ghost (journeyman GnWz)
 39710 | Snake:4  | Noticed Cubyotass's ghost (adept MiHu)
 39712 | Snake:4  | Noticed Romunoh's ghost (adept SpAs)
 39957 | Snake:4  | Reached skill level 5 in Spellcasting
 40142 | Snake:4  | Reached skill level 9 in Ice Magic
 40774 | Snake:4  | Got a serpentine rune of Zot
 41107 | Swamp:4  | Entered Level 4 of the Swamp
 41118 | Swamp:3  | Reached skill level 10 in Ice Magic
 42279 | Swamp:4  | Got a decaying rune of Zot
 42889 | D:15     | Entered Level 15 of the Dungeon
 43037 | D:15     | Reached XP level 20. HP: 113/113 MP: 31/31
 43089 | D:15     | Noticed Nessos
 43096 | D:15     | Killed Nessos
 43155 | D:15     | Found a staircase to the Depths.
 43509 | D:15     | Noticed Roxanne
 43538 | D:15     | Killed Roxanne
 43538 | D:15     | Reached skill level 11 in Ice Magic
 43775 | Vaults:1 | Entered Level 1 of the Vaults
 45307 | Vaults:1 | Found Xyruriad's Jewellery Emporium.
 45752 | Vaults:2 | Reached skill level 12 in Ice Magic
 46085 | Vaults:2 | Got a masterwork scale mail
 46086 | Vaults:2 | Identified the +2 scale mail of Sif Muna's Envy {+Blink
                  | rPois MR+} (You found it on level 2 of the Vaults)
 46097 | Vaults:2 | Found a runed translucent gate.
 46097 | Vaults:2 | Found a runed translucent gate.
 46097 | Vaults:2 | Found a runed translucent gate.
 46097 | Vaults:2 | Noticed Zapaca's ghost (veteran DECj)
 46604 | Vaults:2 | Reached XP level 21. HP: 94/117 MP: 28/35
 46855 | Vaults:2 | Reached skill level 13 in Ice Magic
 47010 | Vaults:2 | Identified the +3 lajatang of Insufficient Pleasure {drain,
                  | *Drain Dex+3 Stlth+}
 47165 | Vaults:2 | Found a roughly hewn altar of Beogh.
 47792 | Vaults:3 | Found a staircase to the Crypt.
 48017 | Vaults:3 | Reached skill level 14 in Ice Magic
 48050 | Vaults:3 | Reached skill level 10 in Spellcasting
 48768 | Vaults:3 | Found Domeaff's Magic Scroll Emporium.
 49495 | Vaults:4 | Reached skill level 15 in Ice Magic
 49551 | Vaults:4 | Got a transparent tin ring
 49802 | Vaults:4 | Reached XP level 22. HP: 63/122 MP: 35/38
 49931 | Vaults:4 | Reached skill level 10 in Shields
 50368 | Vaults:4 | Identified the ring "Hiubo" {rC- MR- Str+9 Stlth+} (You
                  | found it on level 4 of the Vaults)
 50573 | Vaults:4 | Learned a level 3 spell: Ozocubu's Armour
 50577 | Vaults:4 | Learned a level 3 spell: Spectral Weapon
 50583 | Vaults:4 | Identified the +12 plate armour "Qifa" {Harm +Blink rN++
                  | Str-5} (You found it on level 4 of the Vaults)
 51218 | Elf:1    | Entered Level 1 of the Elven Halls
 51369 | Elf:1    | Reached skill level 1 in Charms
 51475 | Elf:1    | Reached skill level 1 in Hexes
 51528 | Elf:1    | Got a pair of faintly humming gloves
 51529 | Elf:1    | Identified the +3 pair of gloves of Impatience {-Cast
                  | Regen+ Str-4 Int+7 Slay+5} (You found it on level 1 of the
                  | Elven Halls)
 51706 | Elf:1    | Reached skill level 16 in Ice Magic
 52327 | Elf:2    | Acquired a +3 double sword of holy wrath
 52560 | Elf:2    | Identified the ring of the Lumpy Hells {*Slow rC+ rCorr
                  | Slay+6}
 52754 | Elf:2    | Found a huge runed translucent gate.
 52754 | Elf:2    | Found a huge runed translucent gate.
 52754 | Elf:2    | Found a huge runed translucent gate.
 52754 | Elf:2    | Found a huge runed translucent gate.
 52763 | Elf:2    | Found a huge runed translucent gate.
 53930 | Crypt:1  | Entered Level 1 of the Crypt
 54691 | Crypt:1  | Reached XP level 23. HP: 126/126 MP: 40/40
 54737 | Crypt:1  | Reached skill level 17 in Ice Magic
 54849 | Crypt:1  | Acquired 1020 gold pieces
 55266 | D:14     | Bought warped swamp dragon scales for 1815 gold pieces
 55266 | D:14     | Identified the +9 swamp dragon scales of Demons {rPois
                  | Int+3} (You bought it in a shop on level 14 of the Dungeon)
 57462 | Depths:1 | Entered Level 1 of the Depths
 58506 | Depths:1 | Found a gateway to Hell.
 58522 | Depths:1 | Found a one-way gate leading to the halls of Pandemonium.
 58964 | Depths:1 | Found a one-way gate to the infinite horrors of the Abyss.
 59034 | Depths:2 | Found a flickering gateway to a bazaar.
 59045 | Bazaar   | Entered a bazaar
 59087 | Bazaar   | Found Hiopn's Antique Armour Shop.
 59107 | Bazaar   | Found Ovyetim's Gadget Shop.
 59228 | Depths:2 | Reached skill level 18 in Ice Magic
 59228 | Depths:2 | Reached XP level 24. HP: 125/131 MP: 41/41
 59955 | Depths:2 | Paralysed by a floating eye for 2 turns
 59961 | Depths:2 | Paralysed by a floating eye for 4 turns
 60515 | Depths:2 | Reached skill level 15 in Long Blades
 60591 | Depths:2 | Found Dootes's Antique Armour Emporium.
 60611 | Depths:2 | Found Icviuts's Armour Boutique.
 60674 | Depths:2 | Bought a +2 pair of boots of running for 498 gold pieces
 60693 | Depths:2 | Bought the +0 mask of the Dragon {MR+ Slay+3 SInv} for 901
                  | gold pieces
 60693 | Depths:2 | Found the +0 mask of the Dragon {MR+ Slay+3 SInv}
 61061 | Depths:2 | Noticed a caustic shrike
 61062 | Depths:2 | Noticed a caustic shrike
 61065 | Depths:2 | Noticed a caustic shrike
 61067 | Depths:2 | Noticed a caustic shrike
 61076 | Depths:2 | Killed a caustic shrike
 61405 | Depths:2 | Killed a caustic shrike
 61405 | Depths:2 | Reached skill level 10 in Armour
 61467 | Depths:2 | Killed a caustic shrike
 61521 | Depths:2 | Killed a caustic shrike
 61762 | Depths:3 | Found a shadowy altar of Dithmenos.
 61883 | Depths:3 | Noticed a juggernaut
 62167 | Depths:3 | Noticed a caustic shrike
 62302 | Depths:3 | Found a portal to a secret trove of treasure.
 62363 | Depths:3 | Reached skill level 15 in Spellcasting
 62381 | Depths:3 | Reached XP level 25. HP: 128/135 MP: 43/43
 63891 | Depths:3 | You paid a toll of +4 fire dragon scales to enter a
                  | treasure trove
 63892 | Trove    | Entered a treasure trove
 63897 | Trove    | Got a translucent tower shield
 63899 | Trove    | Got a smouldering cloak
 63910 | Trove    | Got a pair of steaming boots
 63912 | Trove    | Got a translucent ring mail
 63914 | Trove    | Got a steaming chain mail
 63922 | Trove    | Found the +18 shield of the Gong {rElec rN+ MR+ EV-5}
 63931 | Trove    | Got a smouldering helmet
 63944 | Trove    | Got a crude ring mail
 63959 | Trove    | Identified the +5 tower shield of the Wilderness {rC+} (You
                  | found it in a treasure trove)
 63960 | Trove    | Identified the +2 cloak of Xuuwn {+Fly rC+ Stlth+} (You
                  | found it in a treasure trove)
 63971 | Trove    | Identified the +2 helmet "Coan" {rPois rF- Regen+ Int+4}
                  | (You found it in a treasure trove)
 63972 | Trove    | Identified the +3 ring mail of Unambiguity {rCorr SInv}
                  | (You found it in a treasure trove)
 63973 | Trove    | Identified the +1 ring mail of Uhal {Str+4} (You found it
                  | in a treasure trove)
 63974 | Trove    | Identified the +5 chain mail of Yfepeace {rElec rN+ MP+9}
                  | (You found it in a treasure trove)
 63975 | Trove    | Identified the +2 pair of boots "Juptyu" {rElec} (You found
                  | it in a treasure trove)
 63996 | Trove    | Identified a +0 pair of boots of running (You found it in a
                  | treasure trove)
 64228 | Depths:4 | Found a magical portal.
 64242 | WizLab   | Entered The Roulette of Golubria
 64242 | WizLab   | Found a transporter.
 64245 | WizLab   | Found a corrupted altar of Lugonu.
 64311 | WizLab   | Found a transporter.
 64404 | WizLab   | Found a transporter.
 64404 | WizLab   | Found a transporter.
 64422 | WizLab   | Found a transporter.
 64449 | WizLab   | Found a transporter.
 64459 | WizLab   | Found a corrupted altar of Lugonu.
 64486 | WizLab   | Found a transporter.
 64669 | WizLab   | Found a transporter.
 64669 | WizLab   | Found a transporter.
 64690 | WizLab   | Found a transporter.
 64690 | WizLab   | Found a transporter.
 64729 | WizLab   | Found a transporter.
 64729 | WizLab   | Found a transporter.
 64761 | WizLab   | Found a transporter.
 64763 | WizLab   | Found a transporter.
 64785 | WizLab   | Got a faintly humming cloak
 64792 | WizLab   | Got a scorched cloak
 64801 | WizLab   | Got a faintly glowing cloak
 64844 | WizLab   | Found a transporter.
 64844 | WizLab   | Found a transporter.
 64856 | WizLab   | Identified Golubria's Guide on Dislocation
 64883 | WizLab   | Found a transporter.
 64918 | WizLab   | Found a transporter.
 64918 | WizLab   | Found a transporter.
 65181 | Depths:4 | Identified the -6 cloak "Otwy" {+Fly rF- SInv} (You found
                  | it in a wizard's laboratory)
 65371 | Depths:4 | Found the +8 Wrath of Trog {antimagic, *Rage}
 65615 | Depths:4 | Found a gateway to a ziggurat.
 65948 | Depths:4 | Noticed an ancient lich
 65967 | Depths:4 | Killed an ancient lich
 66018 | Depths:4 | Identified the +2 cloak of the Blue Moon {rN+ Regen+ Dex-3}
                  | (You found it in a wizard's laboratory)
 66038 | Depths:4 | Learned a level 9 spell: Absolute Zero
 66063 | Depths:4 | Got a heavily runed brass ring
 66417 | D:12     | Bought a scroll of identify for 32 gold pieces
 66417 | D:12     | Bought a scroll of identify for 32 gold pieces
 66417 | D:12     | Bought a scroll of identify for 32 gold pieces
 66417 | D:12     | Bought a scroll of identify for 32 gold pieces
 66541 | D:12     | Identified the +2 cloak of Xeuhar {rN+ Regen+ Str+2} (You
                  | found it in a wizard's laboratory)
 66542 | D:12     | Identified the ring "Comix" {rC+ rN+ Str+6 Int-3 Dex+4}
                  | (You found it on level 4 of the Depths)
 66838 | Depths:5 | Entered Level 5 of the Depths
 66954 | Depths:5 | Reached skill level 15 in Shields
 67517 | Depths:5 | Cast into level 2 of the Abyss (spriggan defender)
 67583 | Depths:5 | Escaped the Abyss
 67712 | Depths:5 | Identified Cuch's Thorough Guide to the Hermit's Heritage
 67783 | Depths:5 | Reached XP level 26. HP: 107/140 MP: 45/45
 68254 | Depths:5 | Found a gate to the Realm of Zot.
 68433 | Depths:5 | Reached skill level 19 in Ice Magic
 68926 | Elf:3    | Entered Level 3 of the Elven Halls
 69401 | Elf:3    | Identified the +1 leather armour of the Bulwark {rC+ MP+9}
 69407 | Elf:3    | Identified the +6 falchion "Ullekus" {freeze, Str+5}
 69580 | Elf:3    | Found the +3 warlock's mirror {reflect}
 69668 | Elf:3    | Found a shimmering blue altar of Sif Muna.
 71090 | Vaults:5 | Entered Level 5 of the Vaults
 71093 | Vaults:5 | Reached skill level 20 in Ice Magic
 71381 | Vaults:5 | Noticed Bai Suzhen
 71383 | Vaults:5 | Identified the amulet of Waasiuf {Faith rC+ Str+7}
 71429 | Vaults:4 | Killed Bai Suzhen
 71928 | Vaults:5 | Reached skill level 21 in Ice Magic
 72018 | Vaults:5 | Reached XP level 27. HP: 124/144 MP: 36/46
 72773 | Vaults:5 | Reached skill level 22 in Ice Magic
 72801 | Vaults:5 | Got a pitted short sword
 72802 | Vaults:5 | Identified the +5 short sword "Dragonbane" {vamp, rF+
                  | Int+6} (You found it on level 5 of the Vaults)
 72939 | Vaults:5 | Noticed Saint Roka
 72948 | Vaults:5 | Killed Saint Roka
 72968 | Vaults:5 | Noticed Frederick
 72987 | Vaults:5 | Killed Frederick
 73234 | Vaults:5 | Got a silver rune of Zot
 73797 | Crypt:3  | Entered Level 3 of the Crypt
 74186 | Crypt:3  | Reached skill level 23 in Ice Magic
 74218 | Crypt:3  | Identified the Compendium of the Supportive Mountains
 74324 | Crypt:3  | Found an ancient bone altar of Kikubaaqudgha.
 74529 | Crypt:3  | Noticed Mennas
 74558 | Crypt:3  | Killed Mennas
 74839 | Crypt:3  | Noticed an ancient lich
 74839 | Crypt:3  | Noticed an ancient lich
 74860 | Crypt:3  | Killed an ancient lich
 74909 | Crypt:3  | Killed an ancient lich
 74928 | Crypt:3  | Got a twitching marble ring
 74932 | Crypt:3  | Got an ancient steel amulet
 75083 | Crypt:3  | Found a staircase to the Tomb.
 75497 | Crypt:3  | Reached skill level 24 in Ice Magic
 75522 | Crypt:3  | Got a coiled amber ring
 75522 | Crypt:3  | Got a translucent silver ring
 75543 | Crypt:3  | Identified the Reference Book on Warped Venom
 75545 | Crypt:3  | Identified the Incunabulum of Dark Arts
 75557 | Crypt:3  | Identified the ring of the Well-Known Scars {rN+ Int+3
                  | Slay+5} (You found it on level 3 of the Crypt)
 75558 | Crypt:3  | Identified the ring of Fowauwipla {rPois Str+8 Dex-3 SInv}
                  | (You found it on level 3 of the Crypt)
 75559 | Crypt:3  | Identified the ring "Ocist" {rElec rN+ Str+6 Int-4} (You
                  | found it on level 3 of the Crypt)
 75560 | Crypt:3  | Identified the amulet of Hiekuem {Inacc Dex+8} (You found
                  | it on level 3 of the Crypt)
 75890 | Orc:2    | Bought a manual of Spellcasting for 1545 gold pieces
 76386 | Zot:1    | Entered Level 1 of the Realm of Zot
 76850 | Zot:1    | Noticed an orb of fire
 76852 | Zot:1    | Gained mutation: Scrolls take you a little longer to read.
                  | [an orb of fire]
 76857 | Zot:1    | Killed an orb of fire
 77113 | Lair:1   | Lost mutation: Scrolls take you a little longer to read.
                  | [potion of mutation]
 77113 | Lair:1   | Gained mutation: You have a pair of small horns on your
                  | head. [potion of mutation]
 77113 | Lair:1   | Gained mutation: Your body sometimes deteriorates upon
                  | taking damage. [potion of mutation]
 77113 | Lair:1   | Gained mutation: You have sharp toenails. [potion of
                  | mutation]
 79586 | Zot:3    | Reached skill level 25 in Ice Magic
 79877 | Zot:3    | Noticed an orb of fire
 79985 | Zot:3    | Gained mutation: You are occasionally teleported next to
                  | monsters. [an orb of fire]
 79986 | Zot:3    | Killed an orb of fire
 79988 | Zot:3    | Lost mutation: You have a pair of small horns on your head.
                  | [potion of mutation]
 79988 | Zot:3    | Lost mutation: Your body sometimes deteriorates upon taking
                  | damage. [potion of mutation]
 79988 | Zot:3    | Gained mutation: You have razor-sharp toenails. [potion of
                  | mutation]
 79988 | Zot:3    | Gained mutation: You passively map a small area around you.
                  | [potion of mutation]
 79988 | Zot:3    | Gained mutation: Your spells are a little harder to cast,
                  | but a little more powerful. [potion of mutation]
 79989 | Zot:3    | Lost mutation: Your spells are a little harder to cast, but
                  | a little more powerful. [potion of mutation]
 79989 | Zot:3    | Lost mutation: You have razor-sharp toenails. [potion of
                  | mutation]
 79989 | Zot:3    | Gained mutation: Your mind is acute. (Int +2) [potion of
                  | mutation]
 79989 | Zot:3    | Gained mutation: You have sharp fingernails. [potion of
                  | mutation]
 79989 | Zot:3    | Gained mutation: You are resistant to hostile enchantments.
                  | (MR+) [potion of mutation]
 79990 | Zot:3    | Lost mutation: Your mind is acute. (Int +2) [potion of
                  | mutation]
 79990 | Zot:3    | Lost mutation: You are occasionally teleported next to
                  | monsters. [potion of mutation]
 79990 | Zot:3    | Gained mutation: Armour fits poorly on your strangely
                  | shaped body. [potion of mutation]
 79990 | Zot:3    | Gained mutation: You are partially covered in large bone
                  | plates. (SH +4) [potion of mutation]
 79990 | Zot:3    | Gained mutation: You are partially covered in thin metallic
                  | scales. (AC +2) [potion of mutation]
 80479 | Zot:4    | Noticed an ancient lich
 80926 | Zot:4    | Reached skill level 26 in Ice Magic
 81861 | Zot:5    | Entered Level 5 of the Realm of Zot
 82467 | Zot:5    | Noticed an ancient lich
 82474 | Zot:5    | Killed an ancient lich
 82543 | Zot:5    | Noticed an ancient lich
 82601 | Zot:5    | Noticed an ancient lich
 82620 | Zot:5    | Killed an ancient lich
 82759 | Zot:5    | Killed an ancient lich
 82970 | Zot:5    | Noticed an ancient lich
 82972 | Zot:5    | Killed an ancient lich
 82972 | Zot:5    | Noticed an orb of fire
 82974 | Zot:5    | Killed an orb of fire
 83229 | Zot:5    | Noticed an ancient lich
 83236 | Zot:5    | Reached skill level 27 in Ice Magic
 83237 | Zot:5    | Killed an ancient lich
 83237 | Zot:5    | Noticed an ancient lich
 83428 | Zot:5    | Killed an ancient lich
 83433 | Zot:5    | Noticed an ancient lich
 83435 | Zot:5    | Killed an ancient lich
 83458 | Zot:5    | Noticed an ancient lich
 83461 | Zot:5    | Killed an ancient lich
 83566 | Zot:5    | Noticed an ancient lich
 83569 | Zot:5    | Killed an ancient lich
 83640 | Zot:5    | Noticed an ancient lich
 83643 | Zot:5    | Killed an ancient lich
 83672 | Zot:5    | Noticed an orb of fire
 83675 | Zot:5    | Killed an orb of fire
 83702 | Zot:5    | Noticed an ancient lich
 83712 | Zot:5    | Killed an ancient lich
 84759 | Zot:5    | Got the Orb of Zot
 84804 | Zot:5    | Noticed Luomy the pandemonium lord
 84888 | Zot:3    | Noticed Gausousm the pandemonium lord
 84897 | Zot:3    | Killed Gausousm the pandemonium lord
 84988 | Zot:1    | Noticed Movakup the pandemonium lord
 84988 | Zot:1    | Killed Movakup the pandemonium lord
 85044 | Depths:5 | Noticed a seraph
 85044 | Depths:5 | Killed a seraph
 85165 | D:15     | Noticed Udimed the pandemonium lord
 85168 | D:15     | Killed Udimed the pandemonium lord
 85177 | D:15     | Noticed Judessuh the pandemonium lord
 85354 | D:7      | Noticed Dita the pandemonium lord
 85569 | D:1      | Noticed Liqawyt the pandemonium lord
 85584 | D:1      | Lost mutation: Armour fits poorly on your strangely shaped
                  | body. [potion of mutation]
 85584 | D:1      | Lost mutation: You have sharp toenails. [potion of
                  | mutation]
 85584 | D:1      | Lost mutation: You have sharp fingernails. [potion of
                  | mutation]
 85584 | D:1      | Lost mutation: You are partially covered in large bone
                  | plates. (SH +4) [potion of mutation]
 85584 | D:1      | Gained mutation: You are agile. (Dex +2) [potion of
                  | mutation]
 85584 | D:1      | Gained mutation: You are very agile. (Dex +4) [potion of
                  | mutation]
 85586 | D:$      | Escaped with the Orb!

Illustrated notes

Levels and vault maps discovered:
D:1:      wheals_arrival_linesprint, layout_loops_cross, serial_forest,
          infiniplex_forest_corner_1, infiniplex_forest_end_1,
          infiniplex_forest_clump_diagonal, infiniplex_forest_clump_cross,
          infiniplex_forest_clump_diagonal, infiniplex_forest_lined_3_way,
          kennysheep_nondescript, st_stairs_12, minmay_gold_behind_fungi,
          hex_tiny, minivault_19, feat_on_display
D:2:      layout_loops_corners, kennysheep_okawaru_gauntlet, first_ration
D:3:      layout_basic, elyvilon_altar_4, kiku_gazebo_garden_becter,
          kennysheep_another_room, guppyfry_early_orc_mine
D:4:      layout_layer_cave, tso_altar, led_xom_imps
D:5:      layout_cave_pods, vehumet_altar_wand_db,
          gammafunk_temple_overflow_elements, minmay_temple_entry_waves,
          serial_shops, shop_fountains, minivault_27,
          chequers_serial_rivers_micro_b, hangedman_decor_diamond_cutter
D:6:      layout_loops_ring, serial_shops, shop_statue, gup_sewer_entry_bowl
D:7:      kennysheep_orc_sif_temple, layout_basic,
          regret_index_temple_of_mockery, kennysheep_little_box,
          grunt_dithmenos_smoke_and_mirrors, serial_shops, nicolae_shop_crystal,
          shop, nicolae_shop_waterfront, uniq_prince_ribbit1,
          uniq_crazy_yiuf_cottage, uniq_maggie
D:8:      layout_basic
D:9:      layout_loops_cross, nicolae_ru_sacrificial_ziggurat, serial_shops,
          shop
D:10:     layout_loops_corners, erik_lair_orcish_takeover
D:11:     minmay_box_of_curves, layout_stronghold, blue_anna_alchemist
          [blue_anna_fruit_fields, blue_anna_fruit_fields]
D:12:     layout_irregular_city, david_orc_4, enter_bailey_2, serial_shops,
          nicolae_shop_behind_doors, nicolae_shop_window_shopping,
          nicolae_shop_window_shopping, nicolae_shop_trees, nicolae_shop_stone
D:13:     layout_cross, david_vaults_5, kennysheep_dice
D:14:     layout_long_grid, minmay_hedge_maze, serial_shops, nicolae_shop_stone,
          shop, kennysheep_mini_moat, chequers_serial_rivers_small_a
D:15:     hangedman_depths_entry_try_elsewhere_first, layout_gridville,
          hangedman_decor_peaks_small, hex_large, uniq_roxanne, uniq_nessos
Lair:1:   layout_gridlike, beast_lair_carwin_3, uniq_fannar, uniq_nergalle
Lair:2:   layout_misc_corridors, swamp_mist, minmay_snake_entry_guardpost_small,
          minmay_holes, infiniplex_staircase_pool
Lair:3:   mu_elephants_graveyard, layout_loops_ring
Lair:4:   layout_misc_corridors, serial_bayou_shore_b
Lair:5:   layout_hall_layers, slime_altar_1, portal_ice_cave_entry_pillars_1,
          chequers_serial_rivers_large_b, beast_lair_carwin_10, uniq_rupert
Lair:6:   minmay_lair_end_enchanted_forest, layout_loops_ring, serial_forest,
          infiniplex_forest_clump_medium, infiniplex_forest_lined_2,
          infiniplex_forest_lined_room_, infiniplex_forest_clump_long,
          infiniplex_forest_lined_1, infiniplex_forest_diagonal,
          infiniplex_forest_straight_3
Swamp:1:  layout_falls_marsh, infiniplex_staircase_pool_2
Swamp:2:  layout_falls_marsh, nicolae_swamp_little_tower
Swamp:3:  layout_basic_swamp, evilmike_swamp_ruin_house_4
Swamp:4:  swamp, layout_basic_swamp
Snake:1:  layout_onion, grunt_megastairs_1, serial_bayou_shore_b, uniq_nikola
Snake:2:  gammafunk_sealed_library, layout_gridlike, basic_altar,
          nicolae_large_snake_swirl, uniq_louise, uniq_azrael, uniq_aizul
Snake:3:  layout_rooms, drop_trap, st_stairs_5, minmay_shop_star, uniq_vashnia,
          uniq_donald
Snake:4:  johnstein_snake_rune_scales, layout_basic, gammafunk_ghost_cemetery,
          serial_shops, nicolae_shop_behind_doors
Orc:1:    layout_caves
Orc:2:    st_orc_mages, layout_caves, uniq_urug
Elf:1:    layout_geoelf_grid, minmay_elf_crystal_heptagon
Elf:2:    layout_rooms, st_stairs_12, feat_on_display
Elf:3:    grunt_elf_hall_diamonds, layout_loops_ring, basic_altar,
          serial_sigils_hangedman_snap, grunt_ministairs_3
Vaults:1: nicolae_vaults_what_the_h, vaults_room_octagon,
          grunt_vaults_hallway_short, v_pattern_1, ontoclasm_vaults_pinch,
          v_misc_10, ontoclasm_vaults_claustrophobia, vaults_room_pool,
          nicolae_vaults_twisting_passages, v_misc_10, vaults_room_boxed,
          layout_vaults_maze, serial_shops, shop
Vaults:2: biasface_vaults_ghost_orc_armoury, nicolae_vaults_specimen_jars,
          ontoclasm_vaults_misaligned, hangedman_vaults_cutoff,
          grunt_vaults_twisty, layout_vaults_omnigrid
Vaults:3: hangedman_vaults_trim, minmay_crypt_entry_simple_round,
          hangedman_vaults_stagger, v_misc_16, ontoclasm_vaults_chip,
          vaults_room_grid, hangedman_vaults_stream, nicolae_vaults_network_s,
          layout_vaults_big_room, serial_shops, nicolae_shop_waterfront
Vaults:4: vaults_dpeg_cross, hangedman_vaults_locks, v_rooms_5,
          ontoclasm_vaults_chip, grunt_vaults_funnel, nicolae_vaults_theta,
          hangedman_vaults_trim, vaults_room_stairs_pillars,
          ontoclasm_vaults_bender, v_misc_29, vaults_room_hangedman_quadrants,
          vaults_mumra_chevron_long, layout_vaults_omnibox
Vaults:5: uniq_bai_suzhen, uniq_saint_roka, uniq_frederick
Crypt:1:  layout_gridlike, hangedman_weighted_door, grunt_crypt_arrival_split
Crypt:2:  layout_rooms, palyth_stone_intersect, grunt_megastairs_3, uniq_margery
Crypt:3:  evilmike_haunted_forest, uniq_mennas
Depths:1: layout_gridlike, abyss_entry_crystal, rand_demon_pan_entry_8,
          hell_entry, drop_trap, ebering_dispersal_statue_hall, fountainhead,
          serial_bayou_pond_d, kb_rosetta, grunt_megastairs_4
Depths:2: hangedman_grunt_twisty_little_passages, layout_small_grid,
          serial_shops, bzr_firewalk, nicolae_shop_overgrown_old_shop, shop,
          hell_entry, abyss_entry
Depths:3: wad_courtyard, layout_basic, hell_entry, nicolae_trove_entry_crystal,
          grunt_pan_entry_in_and_out, old_standard_altar, minivault_12
Depths:4: cheibrodos_cascadia, layout_gridlike, enter_ziggurat_e,
          nicolae_abyss_entry_one_way_or_another, mu_enter_wizlab_2,
          minmay_misc_feat_cross, grunt_hell_entry_dis_mu,
          minmay_guarded_unrand_wrath_of_trog
Depths:5: grunt_zot_entry_tricorne, layout_basic, pf_vacation_house_of_asmodeus,
          chequers_serial_rivers_micro_a, abyss_entry, serial_glass,
          glass_columns_a, glass_columns_a, glass_columns_a, glass_columns_b,
          glass_columns_a, glass_columns_b, glass_columns_b, glass_columns_a,
          glass_columns_c, glass_columns_a
Zot:1:    layout_gridlike, hangedman_zot_decor_scrapings
Zot:2:    layout_twisted_circle
Zot:3:    layout_gridlike, grunt_ministairs_6
Zot:4:    ebering_klown_carousel, layout_basic, lemuel_elevator
Zot:5:    layout_gridlike, lemuel_baited_zot_trap

Skill      XL: |  1  2  3  4  5  6  7  8  9 10 11 12 13 14 15 16 17 18 19 20 21 22 23 24 25 26 27 |
---------------+----------------------------------------------------------------------------------+-----
Stealth        | 5 6 7 8 9 |  9.0
Short Blades   | 2 3 5 6 7 8 10 | 10.0
Dodging        | 1 2 3 4 5 6 7 9 10 11 12 | 12.0
Fighting       | 2 3 4 5 6 8 10 11 12 14 15 | 15.0
Throwing       | 2 3 4 5 7 8 9 11 12 13 14 | 14.2
Invocations    | 1 2 3 4 5 6 8 9 10 11 12 | 12.1
Armour         | 2 3 4 5 6 7 9 10 11 12 | 12.4
Shields        | 1 3 4 7 8 9 11 12 13 15 | 15.0
Spellcasting   | 3 4 7 9 11 12 13 15 17 18 25 | 25.0
Long Blades    | 4 12 13 15 | 15.0
Ice Magic      | 3 8 10 12 15 16 18 21 27 | 27.0
Charms         | 3 |  3.0
Hexes          | 3 |  3.0

Action                   |  1- 3 |  4- 6 |  7- 9 | 10-12 | 13-15 | 16-18 | 19-21 | 22-24 | 25-27 || total
-------------------------+-------+-------+-------+-------+-------+-------+-------+-------+-------++-------
Melee: Dagger            |   102 |   223 |   475 |  1161 |  1754 |   107 |   195 |       |       ||  4017
       Bite              |    33 |    66 |   158 |   534 |   866 |   718 |   799 |   800 |   905 ||  4879
       Scimitar          |       |       |       |       |   198 |  1399 |  1389 |   445 |       ||  3431
       Double sword      |       |       |       |       |       |       |       |  1062 |  1794 ||  2856
       Headbutt          |       |       |       |       |       |       |       |       |    35 ||    35
Throw: Javelin           |       |     8 |     4 |       |     6 |    19 |       |     8 |     4 ||    49
       Dart              |       |     5 |    22 |    74 |   135 |    18 |    64 |    20 |    28 ||   366
       Boomerang         |       |       |       |    14 |    69 |   206 |   101 |       |       ||   390
 Cast: Frozen Ramparts   |       |       |       |       |       |    20 |    89 |    67 |    29 ||   205
       Ozocubu's Refrige |       |       |       |       |       |       |       |    19 |   190 ||   209
       Spectral Weapon   |       |       |       |       |       |       |       |    22 |    57 ||    79
       Absolute Zero     |       |       |       |       |       |       |       |       |    33 ||    33
Invok: Lesser Healing    |       |       |     1 |       |       |       |       |       |       ||     1
       Heal Other        |       |       |     1 |     6 |     6 |     7 |     2 |       |     1 ||    23
       Greater Healing   |       |       |       |     4 |     4 |     4 |     8 |     4 |     1 ||    25
       Divine Vigour     |       |       |       |       |       |       |     1 |       |     2 ||     3
 Abil: Evoke Flight      |       |       |       |       |       |       |       |       |     1 ||     1
Evoke: Wand              |       |       |       |     1 |    10 |       |     6 |       |     4 ||    21
  Use: Scroll            |     3 |     3 |     7 |     6 |     5 |     8 |     7 |    17 |    35 ||    91
       Potion            |       |       |       |       |     1 |     2 |     2 |       |     7 ||    12
 Stab: Sleeping          |     7 |     4 |    15 |     7 |    16 |    24 |    22 |    13 |    18 ||   126
       Distracted        |       |     1 |     1 |     1 |       |     1 |     3 |     4 |     6 ||    17
       Invisible         |       |       |     2 |     8 |     4 |     1 |       |       |       ||    15
       Confused          |       |       |       |       |       |     1 |       |       |       ||     1
  Eat: Chunk             |     4 |     6 |    13 |    21 |    34 |    32 |    30 |    31 |    68 ||   239
       Ration            |       |       |     1 |     1 |     1 |     6 |     4 |     5 |    18 ||    36
Armor: Robe              |    14 |    42 |     1 |       |    45 |       |       |       |       ||   102
       Leather armour    |       |       |   105 |   201 |   253 |   142 |       |       |       ||   701
       Swamp dragon scal |       |       |       |       |       |   291 |   406 |   490 |   499 ||  1686
Dodge: Dodged            |    64 |   135 |   238 |   478 |   966 |  1005 |   995 |   850 |   718 ||  5449
Block: Buckler           |       |       |    22 |   177 |   333 |   345 |   418 |   558 |    24 ||  1877
       Reflection        |       |       |       |       |       |       |       |    25 |    53 ||    78
       Kite shield       |       |       |       |       |       |       |       |       |   991 ||   991
       Rpst.: Scimitar   |       |       |       |       |    42 |   184 |   167 |    39 |       ||   432
       Double sword      |       |       |       |       |       |       |       |   131 |   147 ||   278
